Workbook
Name \a: #REF!
Name \L: #REF!
Name \P: #REF!
Name \s: #REF!
Name \X: [0]!err
Name \Z: [0]!err
Name _________________________________________________i1: #REF!
Name ________________________________________________i1: #REF!
Name _______________________________________________i1: #REF!
Name ______________________________________________i1: #REF!
Name _____________________________________________i1: #REF!
Name ____________________________________________i1: #REF!
Name ___________________________________________i1: #REF!
Name __________________________________________i1: #REF!
Name _________________________________________i1: #REF!
Name ________________________________________i1: #REF!
Name _______________________________________i1: #REF!
Name ______________________________________i1: #REF!
Name _____________________________________i1: #REF!
Name ____________________________________i1: #REF!
Name ___________________________________i1: #REF!
Name __________________________________i1: #REF!
Name _________________________________i1: #REF!
Name ________________________________i1: #REF!
Name _______________________________i1: #REF!
Name ______________________________i1: #REF!
Name _____________________________i1: #REF!
Name ____________________________i1: #REF!
Name ___________________________i1: #REF!
Name __________________________i1: #REF!
Name _________________________i1: #REF!
Name ________________________i1: #REF!
Name _______________________i1: #REF!
Name ______________________i1: #REF!
Name _____________________i1: #REF!
Name ____________________i1: #REF!
Name ___________________i1: #REF!
Name __________________A1: IF([0]!Values_Entered,[0]!Header_Row+[0]!Number_of_Payments,[0]!Header_Row)
Name __________________A17000: #REF!
Name __________________A20000: #REF!
Name __________________A30000: #REF!
Name __________________AFC1: [1]INV!$A$25:$D$28
Name __________________AFC3: [1]INV!$F$25:$I$28
Name __________________AFC5: [1]INV!$K$25:$N$28
Name __________________BGC1: [1]INV!$A$5:$D$8
Name __________________BGC3: [1]INV!$F$5:$I$8
Name __________________BGC5: [1]INV!$K$5:$N$8
Name __________________CAC1: [1]INV!$A$19:$D$22
Name __________________CAC3: [1]INV!$F$19:$I$22
Name __________________CAC5: [1]INV!$K$19:$N$22
Name __________________G1: #N/A
Name __________________i1: #REF!
Name __________________MA2: #REF!
Name __________________PJ50: #REF!
Name __________________SBC1: [1]INV!$A$12:$D$15
Name __________________SBC3: [1]INV!$F$12:$I$15
Name __________________SBC5: [1]INV!$K$12:$N$15
Name __________________v1: IF(__________________v8,[0]!Header_Row+__________________v4,[0]!Header_Row)
Name __________________v2: IF(__________________v8,[0]!Header_Row+__________________v4,[0]!Header_Row)
Name __________________v4: #N/A

Sheet FORMULARIO 1 - PRESU. ENTIDAD 
D2: SISTEMA DE GESTION: MODELO INTEGRADO DE PLANEACIÓN Y SISTEMA GESTIÓN - MIPG
I3: Código: DIH-CGID-F64
D4: FORMULARIO DE PRESUPUESTO OFICIAL | I4: Versión: 1
B5: Fecha Aprobación: 14/06/2023 | I5: Página 1 de 1
C9: FORMULARIO 1 - DETALLADO INTERVENTORIA VEREDA FILO GUAYABAL
C10: [La Entidad puede utilizar este Formulario para determinar las condiciones bajo las cuales los Proponentes presentarán su propuesta económica de forma detallada, sin perjuicio que puedan modificarlo o alleguen la oferta económica con un Formulario distinto. Es presentado a modo ilustrativo y como una sugerencia]
C12: ITEM | D12: CARGO / OFICIO | E12: COSTOS | F12: DEDICACION % | G12: CANT. | H12: MESES | I12: VALOR
E13: DE PERSONAL | I13: PARCIAL ($)
E14: (2) | F14: (3) | G14: (1) | H14: (4) | I14: (1)*(2)*(3)*(4) = (6)
C15: COSTOS DIRECTOS DE PERSONAL
C16: PERSONAL
C17: PERSONAL TÉCNICO
C18: 1.1 | D18: DIRECTOR DE INTERVENTORÍA | E18: 2750000 | F18: 0.5 | G18: 1 | H18: 3 | I18: =ROUND(H18*G18*F18*E18,0) -> 4125000
C19: 1.2 | D19: PROFESIONAL DE APOYO (RESIDENTE) - | E19: 2250000 | F19: 1 | G19: 1 | H19: 3 | I19: =H19*G19*F19*E19 -> 6750000
C20: PERSONAL DE APOYO
C21: 2.1 | D21: SECRETARIA | E21: 1600000 | F21: 0.76 | G21: 1 | H21: 3 | I21: =H21*G21*F21*E21 -> 3648000
C22: 2.2 | D22: TOPOGRAFO | E22: 1500000 | F22: 0.15 | G22: 1 | H22: 1 | I22: =H22*G22*F22*E22 -> 225000
C23: 2.3 | D23: CADENEROS | E23: 900000 | F23: 0.15 | G23: 1 | H23: 1 | I23: =H23*G23*F23*E23 -> 135000
C24: SUBTOTAL COSTOS DE PERSONAL = SUMATORIA DE (6) = (A) | I24: =I21+I19+I18+I22+I23 -> 14883000
C25: FACTOR MULTIPLICADOR (5) = | I25: =+'FACTOR MULTIPLICADOR ENTIDAD'!I43 -> 2.1000333
C26: VALOR TOTAL DE PERSONAL (5)*A = (A1) | I26: =ROUND(I25*I24,0) -> 31254796
C27: ITEM | D27: CONCEPTO | E27: UNIDAD | F27: CANT. | G27: COSTO | H27: MESES | I27: VALOR
G28: ($) | I28: PARCIAL ($)
F29: (7) | G29: (8) | H29: (9) | I29: (7)*(8)*(9) = (10)
C30: OTROS COSTOS DIRECTOS
C31: OTROS COSTOS DIRECTOS
C32: 3.1 | D32: ENSAYOS DE LABORATORIO | E32: UND | F32: 8 | G32: 100000 | H32: 3 | I32: =ROUND(G32*F32*H32,0) -> 2400000
C33: 3.2 | D33: EDICION DE INFORMES, ESTUDIOS FOTOGRAFICOS, DOCUMENTACION, FOTOCOPIAS, PAPELERIA Y PLOTTEADA DE PLANOS. | E33: MES | F33: 1 | G33: 501000 | H33: 3 | I33: =ROUND(G33*F33*H33,0) -> 1503000
C34: 3.3 | D34: TRANSPORTE ALQUILER DE VEHICULO | E34: MES | F34: 1 | G34: 300000 | H34: 3 | I34: =ROUND(G34*F34*H34,0) -> 900000
C35: 3.4 | D35: EQUIPO TOPOGRAFICO | E35: UND | F35: 1 | G35: 200000 | H35: 1 | I35: =ROUND(G35*F35*H35,0) -> 200000
C36: SUBTOTAL OTROS COSTOS DIRECTOS = SUMATORIA DE (10) = (B) | I36: =+I32+I33+I34+I35 -> 5003000
C37: SUBTOTAL COSTOS BASICOS = (A1) + (B) = (C) | I37: =+I36+I26 -> 36257796
C38: IVA = 19% * (C) = (D) | I38: =ROUND(I37*19%,0) -> 6888981
C39: COSTO TOTAL = (C) + (D) | I39: =I38+I37 -> 43146777
C41: FIRMAS:
C46: Nombre y firma del representante legal del Proponente | F46: Nombre del Proponente
B49: Carrera 18 Calle 17 esquina Unidad Deportiva-Sede Administrativa Despacho 875 04 31- 875 04 23 – 018000931044 www.inderhuila.gov.co - atencionusuario@inderhuila.gov.co Neiva-Huila
D53: SISTEMA DE GESTION: MODELO INTEGRADO DE PLANEACIÓN Y SISTEMA GESTIÓN - MIPG
I54: Código: DIH-CGID-F64
D55: FORMULARIO DE PRESUPUESTO OFICIAL | I55: Versión: 1
B56: Fecha Aprobación: 14/06/2023 | I56: Página 1 de 1
C59: FORMULARIO 1 - DETALLADO INTERVENTORIA VEREDA SANTA MARTA
C60: [La Entidad puede utilizar este Formulario para determinar las condiciones bajo las cuales los Proponentes presentarán su propuesta económica de forma detallada, sin perjuicio que puedan modificarlo o alleguen la oferta económica con un Formulario distinto. Es presentado a modo ilustrativo y como una sugerencia]
C62: ITEM | D62: CARGO / OFICIO | E62: COSTOS | F62: DEDICACION % | G62: CANT. | H62: MESES | I62: VALOR
E63: DE PERSONAL | I63: PARCIAL ($)
E64: (2) | F64: (3) | G64: (1) | H64: (4) | I64: (1)*(2)*(3)*(4) = (6)
C65: COSTOS DIRECTOS DE PERSONAL
C66: PERSONAL
C67: PERSONAL TÉCNICO
C68: 1.1 | D68: DIRECTOR DE INTERVENTORÍA | E68: 2750000 | F68: 0.5 | G68: 1 | H68: 3 | I68: =ROUND(H68*G68*F68*E68,0) -> 4125000
C69: 1.2 | D69: PROFESIONAL DE APOYO (RESIDENTE) - | E69: 2250000 | F69: 1 | G69: 1 | H69: 3 | I69: =H69*G69*F69*E69 -> 6750000
C70: PERSONAL DE APOYO
C71: 2.1 | D71: SECRETARIA | E71: 1600000 | F71: 0.95 | G71: 1 | H71: 3 | I71: =H71*G71*F71*E71 -> 4560000
C72: 2.2 | D72: TOPOGRAFO | E72: 1500000 | F72: 0.21 | G72: 1 | H72: 1 | I72: =H72*G72*F72*E72 -> 315000
C73: 2.3 | D73: CADENEROS | E73: 900000 | F73: 0.21 | G73: 1 | H73: 1 | I73: =H73*G73*F73*E73 -> 189000
C74: SUBTOTAL COSTOS DE PERSONAL = SUMATORIA DE (6) = (A) | I74: =I71+I69+I68+I72+I73 -> 15939000
C75: FACTOR MULTIPLICADOR (5) = | I75: =+'FACTOR MULTIPLICADOR ENTIDAD'!I43 -> 2.1000333
C76: VALOR TOTAL DE PERSONAL (5)*A = (A1) | I76: =ROUND(I75*I74,0) -> 33472431
C77: ITEM | D77: CONCEPTO | E77: UNIDAD | F77: CANT. | G77: COSTO | H77: MESES | I77: VALOR
G78: ($) | I78: PARCIAL ($)
F79: (7) | G79: (8) | H79: (9) | I79: (7)*(8)*(9) = (10)
C80: OTROS COSTOS DIRECTOS
C81: OTROS COSTOS DIRECTOS
C82: 3.1 | D82: ENSAYOS DE LABORATORIO | E82: UND | F82: 5 | G82: 120000 | H82: 3 | I82: =ROUND(G82*F82*H82,0) -> 1800000
C83: 3.2 | D83: EDICION DE INFORMES, ESTUDIOS FOTOGRAFICOS, DOCUMENTACION, FOTOCOPIAS, PAPELERIA Y PLOTTEADA DE PLANOS. | E83: MES | F83: 1 | G83: 615000 | H83: 3 | I83: =ROUND(G83*F83*H83,0) -> 1845000
C84: 3.3 | D84: TRANSPORTE ALQUILER DE VEHICULO | E84: MES | F84: 1 | G84: 320000 | H84: 3 | I84: =ROUND(G84*F84*H84,0) -> 960000
C85: 3.4 | D85: EQUIPO TOPOGRAFICO | E85: UND | F85: 1 | G85: 210000 | H85: 1 | I85: =ROUND(G85*F85*H85,0) -> 210000
C86: SUBTOTAL OTROS COSTOS DIRECTOS = SUMATORIA DE (10) = (B) | I86: =+I82+I83+I84+I85 -> 4815000
C87: SUBTOTAL COSTOS BASICOS = (A1) + (B) = (C) | I87: =+I86+I76 -> 38287431
C88: IVA = 19% * (C) = (D) | I88: =ROUND(I87*19%,0) -> 7274612
C89: COSTO TOTAL = (C) + (D) | I89: =I88+I87 -> 45562043
C91: FIRMAS:
C96: Nombre y firma del representante legal del Proponente | F96: Nombre del Proponente
B99: Carrera 18 Calle 17 esquina Unidad Deportiva-Sede Administrativa Despacho 875 04 31- 875 04 23 – 018000931044 www.inderhuila.gov.co - atencionusuario@inderhuila.gov.co Neiva-Huila
D103: SISTEMA DE GESTION: MODELO INTEGRADO DE PLANEACIÓN Y SISTEMA GESTIÓN - MIPG
I104: Código: DIH-CGID-F64
D105: FORMULARIO DE PRESUPUESTO OFICIAL | I105: Versión: 1
B106: Fecha Aprobación: 14/06/2023 | I106: Página 1 de 1
C109: FORMULARIO 1 - DETALLADO INTERVENTORIA I.E. RAMON ALVARADO SANCHEZ, DEL CENTRO POBLADO EL PARAISO
C110: [La Entidad puede utilizar este Formulario para determinar las condiciones bajo las cuales los Proponentes presentarán su propuesta económica de forma detallada, sin perjuicio que puedan modificarlo o alleguen la oferta económica con un Formulario distinto. Es presentado a modo ilustrativo y como una sugerencia]
C112: ITEM | D112: CARGO / OFICIO | E112: COSTOS | F112: DEDICACION % | G112: CANT. | H112: MESES | I112: VALOR
E113: DE PERSONAL | I113: PARCIAL ($)
E114: (2) | F114: (3) | G114: (1) | H114: (4) | I114: (1)*(2)*(3)*(4) = (6)
C115: COSTOS DIRECTOS DE PERSONAL
C116: PERSONAL
C117: PERSONAL TÉCNICO
C118: 1.1 | D118: DIRECTOR DE INTERVENTORÍA | E118: 4200000 | F118: 0.5 | G118: 1 | H118: 3 | I118: =ROUND(H118*G118*F118*E118,0) -> 6300000
C119: 1.2 | D119: PROFESIONAL DE APOYO (RESIDENTE) - | E119: 3200000 | F119: 1 | G119: 1 | H119: 3 | I119: =H119*G119*F119*E119 -> 9600000
C120: PERSONAL DE APOYO
C121: 1.3 | D121: SECRETARIA | E121: 1500000 | F121: 1 | G121: 1 | H121: 3 | I121: =H121*G121*F121*E121 -> 4500000
C122: SUBTOTAL COSTOS DE PERSONAL = SUMATORIA DE (6) = (A) | I122: =I121+I119+I118 -> 20400000
C123: FACTOR MULTIPLICADOR (5) = | I123: =+'FACTOR MULTIPLICADOR ENTIDAD'!I90 -> 1.95
C124: VALOR TOTAL DE PERSONAL (5)*A = (A1) | I124: =ROUND(I123*I122,0) -> 39780000
C125: ITEM | D125: CONCEPTO | E125: UNIDAD | F125: CANT. | G125: VALOR UNITARIO | H125: MESES | I125: VALOR
I126: PARCIAL ($)
F127: (7) | G127: (8) | H127: (9) | I127: (7)*(8)*(9) = (10)
C128: GASTOS OPERACIONALES
C129: OTROS COSTOS DIRECTOS
C130: 3.1 | D130: PAPELRIA, IMPRENTA Y FOTOGRAFIA, IMPRESIÓN DE PLANOS, IMPRESIÓN DE DOCUMENTOS Y COPIAS | E130: MES | F130: 1 | G130: 150000 | H130: 3 | I130: =ROUND(G130*F130*H130,0) -> 450000
C131: 3.2 | D131: REGISTRO FOTOGRAFICO/VIDEOS | E131: MES | F131: 1 | G131: 100000 | H131: 3 | I131: =ROUND(G131*F131*H131,0) -> 300000
...

Sheet FORMULARIO 1-PRESU. PROPONENTE
D2: SISTEMA DE GESTION: MODELO INTEGRADO DE PLANEACIÓN Y SISTEMA GESTIÓN - MIPG
I3: Código: DIH-CGID-F64
D4: FORMULARIO DE PRESUPUESTO OFICIAL | I4: Versión: 1
B5: Fecha Aprobación: 14/06/2023 | I5: Página 1 de 1
C9: FORMULARIO 1 - DETALLADO INTERVENTORIA VEREDA FILO GUAYABAL
C10: [La Entidad puede utilizar este Formulario para determinar las condiciones bajo las cuales los Proponentes presentarán su propuesta económica de forma detallada, sin perjuicio que puedan modificarlo o alleguen la oferta económica con un Formulario distinto. Es presentado a modo ilustrativo y como una sugerencia]
C12: ITEM | D12: CARGO / OFICIO | E12: COSTOS | F12: DEDICACION % | G12: CANT. | H12: MESES | I12: VALOR
E13: DE PERSONAL | I13: PARCIAL ($)
E14: (2) | F14: (3) | G14: (1) | H14: (4) | I14: (1)*(2)*(3)*(4) = (6)
C15: COSTOS DIRECTOS DE PERSONAL
C16: PERSONAL
C17: PERSONAL TÉCNICO
C18: 1.1 | D18: DIRECTOR DE INTERVENTORÍA | F18: 0.5 | G18: 1 | H18: 3 | I18: =ROUND(H18*G18*F18*E18,0) -> 0
C19: 1.2 | D19: PROFESIONAL DE APOYO (RESIDENTE) - | F19: 1 | G19: 1 | H19: 3 | I19: =H19*G19*F19*E19 -> 0
C20: PERSONAL DE APOYO
C21: 2.1 | D21: SECRETARIA | F21: 0.76 | G21: 1 | H21: 3 | I21: =H21*G21*F21*E21 -> 0
C22: 2.2 | D22: TOPOGRAFO | F22: 0.15 | G22: 1 | H22: 1 | I22: =H22*G22*F22*E22 -> 0
C23: 2.3 | D23: CADENEROS | F23: 0.15 | G23: 1 | H23: 1 | I23: =H23*G23*F23*E23 -> 0
C24: SUBTOTAL COSTOS DE PERSONAL = SUMATORIA DE (6) = (A) | I24: =I21+I19+I18+I22+I23 -> 0
C25: FACTOR MULTIPLICADOR (5) = | I25: =+'FACTOR MULTIPLICADOR ENTIDAD'!I43 -> 2.1000333
C26: VALOR TOTAL DE PERSONAL (5)*A = (A1) | I26: =ROUND(I25*I24,0) -> 0
C27: ITEM | D27: CONCEPTO | E27: UNIDAD | F27: CANT. | G27: COSTO | H27: MESES | I27: VALOR
G28: ($) | I28: PARCIAL ($)
F29: (7) | G29: (8) | H29: (9) | I29: (7)*(8)*(9) = (10)
C30: OTROS COSTOS DIRECTOS
C31: OTROS COSTOS DIRECTOS
C32: 3.1 | D32: ENSAYOS DE LABORATORIO | E32: UND | F32: 8 | H32: 3 | I32: =ROUND(G32*F32*H32,0) -> 0
C33: 3.2 | D33: EDICION DE INFORMES, ESTUDIOS FOTOGRAFICOS, DOCUMENTACION, FOTOCOPIAS, PAPELERIA Y PLOTTEADA DE PLANOS. | E33: MES | F33: 1 | H33: 3 | I33: =ROUND(G33*F33*H33,0) -> 0
C34: 3.3 | D34: TRANSPORTE ALQUILER DE VEHICULO | E34: MES | F34: 1 | H34: 3 | I34: =ROUND(G34*F34*H34,0) -> 0
C35: 3.4 | D35: EQUIPO TOPOGRAFICO | E35: UND | F35: 1 | H35: 1 | I35: =ROUND(G35*F35*H35,0) -> 0
C36: SUBTOTAL OTROS COSTOS DIRECTOS = SUMATORIA DE (10) = (B) | I36: =+I32+I33+I34+I35 -> 0
C37: SUBTOTAL COSTOS BASICOS = (A1) + (B) = (C) | I37: =+I36+I26 -> 0
C38: IVA = 19% * (C) = (D) | I38: =ROUND(I37*19%,0) -> 0
C39: COSTO TOTAL = (C) + (D) | I39: =I38+I37 -> 0
C41: FIRMAS:
C46: Nombre y firma del representante legal del Proponente | F46: Nombre del Proponente
B49: Carrera 18 Calle 17 esquina Unidad Deportiva-Sede Administrativa Despacho 875 04 31- 875 04 23 – 018000931044 www.inderhuila.gov.co - atencionusuario@inderhuila.gov.co Neiva-Huila
D53: SISTEMA DE GESTION: MODELO INTEGRADO DE PLANEACIÓN Y SISTEMA GESTIÓN - MIPG
I54: Código: DIH-CGID-F64
D55: FORMULARIO DE PRESUPUESTO OFICIAL | I55: Versión: 1
B56: Fecha Aprobación: 14/06/2023 | I56: Página 1 de 1
C59: FORMULARIO 1 - DETALLADO INTERVENTORIA VEREDA SANTA MARTA
C60: [La Entidad puede utilizar este Formulario para determinar las condiciones bajo las cuales los Proponentes presentarán su propuesta económica de forma detallada, sin perjuicio que puedan modificarlo o alleguen la oferta económica con un Formulario distinto. Es presentado a modo ilustrativo y como una sugerencia]
C62: ITEM | D62: CARGO / OFICIO | E62: COSTOS | F62: DEDICACION % | G62: CANT. | H62: MESES | I62: VALOR
E63: DE PERSONAL | I63: PARCIAL ($)
E64: (2) | F64: (3) | G64: (1) | H64: (4) | I64: (1)*(2)*(3)*(4) = (6)
C65: COSTOS DIRECTOS DE PERSONAL
C66: PERSONAL
C67: PERSONAL TÉCNICO
C68: 1.1 | D68: DIRECTOR DE INTERVENTORÍA | F68: 0.5 | G68: 1 | H68: 3 | I68: =ROUND(H68*G68*F68*E68,0) -> 0
C69: 1.2 | D69: PROFESIONAL DE APOYO (RESIDENTE) - | F69: 1 | G69: 1 | H69: 3 | I69: =H69*G69*F69*E69 -> 0
C70: PERSONAL DE APOYO
C71: 2.1 | D71: SECRETARIA | F71: 0.95 | G71: 1 | H71: 3 | I71: =H71*G71*F71*E71 -> 0
C72: 2.2 | D72: TOPOGRAFO | F72: 0.21 | G72: 1 | H72: 1 | I72: =H72*G72*F72*E72 -> 0
C73: 2.3 | D73: CADENEROS | F73: 0.21 | G73: 1 | H73: 1 | I73: =H73*G73*F73*E73 -> 0
C74: SUBTOTAL COSTOS DE PERSONAL = SUMATORIA DE (6) = (A) | I74: =I71+I69+I68+I72+I73 -> 0
C75: FACTOR MULTIPLICADOR (5) = | I75: =+'FACTOR MULTIPLICADOR ENTIDAD'!I43 -> 2.1000333
C76: VALOR TOTAL DE PERSONAL (5)*A = (A1) | I76: =ROUND(I75*I74,0) -> 0
C77: ITEM | D77: CONCEPTO | E77: UNIDAD | F77: CANT. | G77: COSTO | H77: MESES | I77: VALOR
G78: ($) | I78: PARCIAL ($)
F79: (7) | G79: (8) | H79: (9) | I79: (7)*(8)*(9) = (10)
C80: OTROS COSTOS DIRECTOS
C81: OTROS COSTOS DIRECTOS
C82: 3.1 | D82: ENSAYOS DE LABORATORIO | E82: UND | F82: 5 | H82: 3 | I82: =ROUND(G82*F82*H82,0) -> 0
C83: 3.2 | D83: EDICION DE INFORMES, ESTUDIOS FOTOGRAFICOS, DOCUMENTACION, FOTOCOPIAS, PAPELERIA Y PLOTTEADA DE PLANOS. | E83: MES | F83: 1 | H83: 3 | I83: =ROUND(G83*F83*H83,0) -> 0
C84: 3.3 | D84: TRANSPORTE ALQUILER DE VEHICULO | E84: MES | F84: 1 | H84: 3 | I84: =ROUND(G84*F84*H84,0) -> 0
C85: 3.4 | D85: EQUIPO TOPOGRAFICO | E85: UND | F85: 1 | H85: 1 | I85: =ROUND(G85*F85*H85,0) -> 0
C86: SUBTOTAL OTROS COSTOS DIRECTOS = SUMATORIA DE (10) = (B) | I86: =+I82+I83+I84+I85 -> 0
C87: SUBTOTAL COSTOS BASICOS = (A1) + (B) = (C) | I87: =+I86+I76 -> 0
C88: IVA = 19% * (C) = (D) | I88: =ROUND(I87*19%,0) -> 0
C89: COSTO TOTAL = (C) + (D) | I89: =I88+I87 -> 0
C91: FIRMAS:
C96: Nombre y firma del representante legal del Proponente | F96: Nombre del Proponente
B99: Carrera 18 Calle 17 esquina Unidad Deportiva-Sede Administrativa Despacho 875 04 31- 875 04 23 – 018000931044 www.inderhuila.gov.co - atencionusuario@inderhuila.gov.co Neiva-Huila
D103: SISTEMA DE GESTION: MODELO INTEGRADO DE PLANEACIÓN Y SISTEMA GESTIÓN - MIPG
I104: Código: DIH-CGID-F64
D105: FORMULARIO DE PRESUPUESTO OFICIAL | I105: Versión: 1
B106: Fecha Aprobación: 14/06/2023 | I106: Página 1 de 1
C109: FORMULARIO 1 - DETALLADO INTERVENTORIA I.E. RAMON ALVARADO SANCHEZ, DEL CENTRO POBLADO EL PARAISO
C110: [La Entidad puede utilizar este Formulario para determinar las condiciones bajo las cuales los Proponentes presentarán su propuesta económica de forma detallada, sin perjuicio que puedan modificarlo o alleguen la oferta económica con un Formulario distinto. Es presentado a modo ilustrativo y como una sugerencia]
C112: ITEM | D112: CARGO / OFICIO | E112: COSTOS | F112: DEDICACION % | G112: CANT. | H112: MESES | I112: VALOR
E113: DE PERSONAL | I113: PARCIAL ($)
E114: (2) | F114: (3) | G114: (1) | H114: (4) | I114: (1)*(2)*(3)*(4) = (6)
C115: COSTOS DIRECTOS DE PERSONAL
C116: PERSONAL
C117: PERSONAL TÉCNICO
C118: 1.1 | D118: DIRECTOR DE INTERVENTORÍA | F118: 0.5 | G118: 1 | H118: 3 | I118: =ROUND(H118*G118*F118*E118,0) -> 0
C119: 1.2 | D119: PROFESIONAL DE APOYO (RESIDENTE) - | F119: 1 | G119: 1 | H119: 3 | I119: =H119*G119*F119*E119 -> 0
C120: PERSONAL DE APOYO
C121: 1.3 | D121: SECRETARIA | F121: 1 | G121: 1 | H121: 3 | I121: =H121*G121*F121*E121 -> 0
C122: SUBTOTAL COSTOS DE PERSONAL = SUMATORIA DE (6) = (A) | I122: =I121+I119+I118 -> 0
C123: FACTOR MULTIPLICADOR (5) = | I123: =+'FACTOR MULTIPLICADOR ENTIDAD'!I90 -> 1.95
C124: VALOR TOTAL DE PERSONAL (5)*A = (A1) | I124: =ROUND(I123*I122,0) -> 0
C125: ITEM | D125: CONCEPTO | E125: UNIDAD | F125: CANT. | G125: VALOR UNITARIO | H125: MESES | I125: VALOR
I126: PARCIAL ($)
F127: (7) | G127: (8) | H127: (9) | I127: (7)*(8)*(9) = (10)
C128: GASTOS OPERACIONALES
C129: OTROS COSTOS DIRECTOS
C130: 3.1 | D130: PAPELRIA, IMPRENTA Y FOTOGRAFIA, IMPRESIÓN DE PLANOS, IMPRESIÓN DE DOCUMENTOS Y COPIAS | E130: MES | F130: 1 | H130: 3 | I130: =ROUND(G130*F130*H130,0) -> 0
C131: 3.2 | D131: REGISTRO FOTOGRAFICO/VIDEOS | E131: MES | F131: 1 | H131: 3 | I131: =ROUND(G131*F131*H131,0) -> 0
...

Sheet FACTOR MULTIPLICADOR ENTIDAD
A1: GOBERNACIÓN DEL HUILA
A2: INDERHUILA
A3: VEREDA FILO GUAYABAL Y VEREDA SANTA MARTA
A5: FACTOR MULTIPLICADOR
C7: CONCEPTO | I7: PORCENTAJE
A8: 1. | B8: Salarios y Prestaciones Sociales de Personal Facturable
A9: 1.1. | B9: Salarios | I9: 1
A10: 1.2. | B10: Prima anual (legal) | E10: 1 | F10: ÷ 12 = | I10: =1/12 -> 0.083333333
A11: 1.3. | B11: Cesantía | E11: 1 | F11: ÷ 12 = | I11: =1/12 -> 0.083333333
A12: 1.4. | B12: Intereses de cesantía | E12: 0.01 | F12: x 1.3. = | I12: 0.01
A13: 1.5. | B13: Vacaciones | I13: =+I11/2 -> 0.041666667
A14: 1.6. | B14: Seguridad Social (salud + pensión) | I14: 0.205
A15: 1.7. | B15: Caja de Compensación Familiar | I15: 0.04
A16: 1.8. | B16: ARP | I16: 0.025
A17: 1.9. | B17: Sena | I17: 0.02
A18: 1.10. | B18: ICBF | I18: 0.03
A19: 1.11. | B19: Otros (Auxilios varios, prestaciones extralegales, Incapacidades no cubertas) | I19: 0.01
A20: 1.12. | B20: Dotación | I20: 0.0217
F21: Sub-total | I21: =SUM(I9:I20) -> 1.5700333
A23: 2. | B23: Gastos Directos
A24: 2.1. | B24: Arriendo oficina | I24: 0.08
A25: 2.2. | B25: Administración edificio | I25: 0.04
A26: 3.2. | B26: Servicios públicos | I26: 0.05
F27: Sub-total | I27: =SUM(I24:I26) -> 0.17
A29: 3. | B29: Gastos Generales
A30: 3.1. | B30: Preparación de Propuesta | I30: 0.08
A31: 3.2. | B31: Asesoria Contable Tributaria y Juridica | I31: 0.05
A32: 3.3. | B32: Equipos y mantenimiento Oficina (Aseo) | I32: 0.03
A33: 3.4. | B33: Gastos de vehículo | I33: 0.05
A34: 3.9. | B34: Personal Profesional no facturado | I34: 0.04
F35: Sub-total | I35: =SUM(I30:I34) -> 0.25
A37: 4. | B37: Costos Otros
A38: 4.1 | B38: Otros gastos | I38: 0.04
F39: Sub-total | I39: =SUM(I38:I38) -> 0.04
A41: 5. | B41: Honorarios (Utilidad del consultor y costos no previstos) | F41: Sub-total | I41: 0.07
A43: T O T A L | I43: =SUM(I41,I39,I35,I27,I21) -> 2.1000333
A45: OBJETO: MEJORAMIENTO DEL POLIDEPORTIVO DE LA I.E. RAMON ALVARADO SANCHEZ, SEDE PRINCIPAL DEL CENTRO POBLADO EL PARAÍSO DEL MUNICIPIO DE GARZON – DEPARTAMENTO DEL HUILA
A47: FACTOR MULTIPLICADOR
C49: CONCEPTO | I49: PORCENTAJE
A50: 1. | B50: Salarios y Prestaciones Sociales de Personal Facturable
A51: 1.1. | B51: Salarios | I51: 1
A52: 1.2. | B52: Hora ordinaria | I52: 0.0052
A53: 1.3. | B53: Nocturna | I53: 0.0073
A54: 1.4. | B54: Hora extra dominical / Festivo diurna | I54: 0.0083
A55: 1.5. | B55: Hora extra dominical / Festivo nocturna | I55: 0.0104
A56: 1.6. | B56: Hora extra diurna | I56: 0.0073
A57: 1.7. | B57: Hora extra nocturna | I57: 0.0088
A58: 1.8. | B58: Prima anual (legal) | I58: =1/12 -> 0.083333333
A59: 1.9. | B59: Cesantía | I59: =1/12 -> 0.083333333
A60: 1.10. | B60: Intereses de cesantía | I60: 0.011
A61: 1.11. | B61: Vacaciones | I61: =+I59/2 -> 0.041666667
A62: 1.12. | B62: Seguridad Social (salud + pensión) | I62: 0.205
A63: 1.13. | B63: Caja de Compensación Familiar | I63: 0.04
A64: 1.14. | B64: ARP | I64: 0.0696
A65: 1.15. | B65: Sena | I65: 0.02
A66: 1.16. | B66: ICBF | I66: 0.03
A67: 1.17. | B67: Dotación | I67: 0.1
F68: Sub-total | I68: =SUM(I51:I67) -> 1.7312333
A70: 2. | B70: Gastos Directos
A71: 2.1. | B71: Arriendo oficina | I71: 0.04
A72: 2.2. | B72: Administración edificio | I72: 0.02
A73: 3.2. | B73: Servicios públicos | I73: 0.015
F74: Sub-total | I74: =SUM(I71:I73) -> 0.075
A76: 3. | B76: Gastos Generales
A77: 3.1. | B77: Asesoria Contable Tributaria y Juridica | I77: 0.025
A78: 3.2. | B78: Equipos y mantenimiento Oficina (Aseo) | I78: 0.015
F80: Sub-total | I80: =SUM(I77:I79) -> 0.04
A82: 4. | B82: Costos Directos no Reembolsables
A83: 4.1. | B83: Poliza de Calidad | I83: 0.01
A84: 4.2. | B84: Póliza Cumplimiento | I84: 0.015
A85: 4.3. | B85: Póliza Salarios y prestaciones Sociales | I85: 0.015
F86: Sub-total | I86: =SUM(I83:I85) -> 0.04
A88: 5. | B88: Honorarios (Utilidad del consultor y costos no previstos) | F88: Sub-total | I88: 0.06
A90: T O T A L | I90: =ROUND(SUM(I88,I86,I80,I74,I68),2) -> 1.95

Sheet FORMULARIO1 - GLOBAL
D2: SISTEMA DE GESTION: MODELO INTEGRADO DE PLANEACIÓN Y SISTEMA GESTIÓN - MIPG
G3: Código: DIH-CGID-F64
D4: FORMULARIO DE PRESUPUESTO OFICIAL | G4: Versión: 1
B5: Fecha Aprobación: 14/06/2023 | G5: Página 1 de 1
C9: FORMULARIO 1 - GLOBAL
C10: [La Entidad puede utilizar este Formulario para determinar las condiciones bajo las cuales los Proponentes presentarán su propuesta económica de forma global, sin perjuicio que puedan modificarlo o alleguen la oferta económica con un Formulario distinto. Es presentado a modo ilustrativo y como una sugerencia]
C11: VALOR GLOBAL DE LA INTERVENTORÍA
C12: ÍTEM | D12: DESCRIPCIÓN | F12: VALOR OFERTA
C14: 1 | D14: Valor de su propuesta sin IVA
C15: 2 | D15: Valor del IVA
C16: 3 | D16: Valor total de la propuesta | F16: =SUM(F14:G15) -> 0
C18: VALORES OFICIALES PARA LOS ITEMS A PAGAR POR PRECIOS UNITARIOS PARA LOS ENSAYOS DE LABORATORIO (en caso de aplicar)
C19: ÍTEM | D19: DESCRIPCIÓN | E19: UNIDAD | F19: VALOR BÁSICO UNITARIO OFICIAL (sin IVA) | G19: VALOR BÁSICO UNITARIO PROPUESTO (sin IVA)
C33: FIRMAS:
C37: Nombre y firma del representante legal del Proponente | G37: Nombre y firma del Proponente
C40: Carrera 18 Calle 17 esquina Unidad Deportiva-Sede Administrativa Despacho 875 04 31- 875 04 23 – 018000931044 www.inderhuila.gov.co - atencionusuario@inderhuila.gov.co Neiva-Huila
